 Dungeon Crawl Stone Soup version 0.27-a0-597-g524d869a0f (webtiles) character file.

Game seed: 9484849330899933981

79 tilp the Sneak (level 4, 0/29 HPs)
             Began as an Octopode Transmuter on Mar 11, 2021.
             Slain by a giant cockroach (2 damage)
             ... on level 3 of the Dungeon.
             The game lasted 00:02:15 (2580 turns).

tilp the Sneak (Octopode Transmuter)                Turns: 2580, Time: 00:02:17

Health: 0/29       AC:  1    Str:  9    XL:     4   Next: 37%
Magic:  6/7        EV: 13    Int: 16    God:
Gold:   99         SH:  0    Dex: 12    Spells: 1/7 levels left

rFire    . . .     SeeInvis .     - Unarmed
rCold    + . .     Faith    .   (no shield)
rNeg     . . .     Spirit   .   (helmet currently unavailable)
rPois    .         Reflect  .   (no amulet)
rElec    .         Harm     .   f - ring of protection from cold
rCorr    .         Rampage  .   (no ring)
Will     .....                  (no ring)
Stlth    +++.......             (no ring)
HPRegen  0.09/turn              (no ring)
MPRegen  0.10/turn              (no ring)
                                (no ring)
                                (no ring)

@: lethally poisoned (0 -> -10), appendages (expiring)
A: almost no armour, amphibious, 8 rings, tentacle spike 3, camouflage 1,
gelatinous body 1, nimble swimmer 1, tentacles
a: End Transformation


You were on level 3 of the Dungeon.
One of your tentacles had a temporary spike.
You visited 1 branch of the dungeon, and saw 3 of its levels.

You collected 99 gold pieces.

Inventory:

Missiles
 k - 23 stones
Jewellery
 f - a ring of protection from cold (left tentacle)
 n - a ring of protection from fire
Scrolls
 a - a scroll of fear {unknown}
 h - a scroll of teleportation {unknown}
 i - a scroll of immolation {unknown}
 l - a scroll of enchant weapon {unknown}
 m - a scroll of magic mapping {unknown}
Potions
 b - a potion of attraction
 c - a potion of might
 d - a potion of flight
 e - 2 potions of resistance
 g - 2 potions of curing {unknown}
 j - 2 potions of mutation {unknown}


   Skills:
 + Level 2.0 Fighting
 - Level 2.0 Dodging
 - Level 4.0 Stealth
 + Level 3.5 Unarmed Combat
 - Level 2.0 Spellcasting
 - Level 2.0 Transmutations


You had one spell level left.
You knew the following spells:

 Your Spells              Type           Power      Damage    Failure   Level
a - Beastly Appendage     Tmut           16%        N/A       9%          1
b - Wereblood             Tmut           8%         N/A       14%         2
c - Spider Form           Tmut/Pois      2%         N/A       38%         3

Your spell library contained the following spells:

 Spells                   Type           Power      Damage    Failure   Level
 Ice Form                 Ice/Tmut       4%         N/A       80%         4
 Blade Hands              Tmut           4%         N/A       94%         5


Dungeon Overview and Level Annotations

Branches:
Dungeon (3/15)

Altars:
Qazlal
Ru


Innate Abilities, Weirdness & Mutations

You cannot wear most types of armour.
You are amphibious.
You can wear up to eight rings at the same time.
Your skin changes colour to match your surroundings (Stealth+).
Your rubbery body absorbs attacks. (AC +1, EV +1)
You are stealthy while swimming. (Stealth+)
You have tentacles for arms and can constrict up to eight enemies at once.
One of your tentacles bears a large vicious spike.


Message History

Unknown command.
Unknown command.
Unknown command.
You are too injured to fight recklessly!
You are too injured to fight recklessly!
You are too injured to fight recklessly!
You miss the adder. Your grab misses the adder.
The adder is lightly wounded.
The adder misses you.
The leopard gecko hisses menacingly.
You miss the adder. Your grab misses the adder.
The adder is lightly wounded.
You feel sick. The adder bites you.
You are more poisoned.
The adder poisons you!
You closely miss the adder. You grab the adder.
You pierce the adder, but do no damage.
The adder is lightly wounded.
Your transformation is almost over.
You constrict the adder. The adder bites you.
* * * LOW HITPOINT WARNING * * *
The adder closely misses you.
You tentacle-slap the adder.
Your tentacle spike misses the adder.
The adder is severely wounded.
You constrict the adder.
You feel sick. The giant cockroach closely misses you. The adder misses you.
You barely miss the adder.
The adder is severely wounded.
You constrict the adder. The giant cockroach barely misses you.
The adder bites you.
* * * LOW HITPOINT WARNING * * *
You are more poisoned.
The adder poisons you!
You barely miss the adder.
You pierce the adder.
You kill the adder!
* * * LOW HITPOINT WARNING * * *
You feel sick. The giant cockroach bites you.
* * * LOW HITPOINT WARNING * * *
The giant cockroach bites you.
You die...

#......<..........#.#[..
...####.#.......#.....#.
... #.#.....##.#.###.#
..... #.#....##.⌠.###.⌠.
.... ##+#...####.###.#.#
.. #......#.#.###.#.#.
#.#.....#.8.###.♣.###
#..B.....#.###.#.#.#.
##.#@###.####.#.###.#
#####.#l####.##.⌠.###.⌠.
...B......###.##.###.#.#
....).....# #...#.....#.
..........# #.#...###...
..........# #....#######
..........# ###.........
.#####...## #.########
#...# #.#


You could see a leopard gecko and a giant cockroach.

Vanquished Creatures
  3 adders (D:3)
  2 worms (D:2)
  2 dart slugs
  A ball python (D:1)
  4 giant cockroaches
  12 goblins
  10 hobgoblins
  A bat (D:2)
  6 frilled lizards
  4 kobolds
  5 rats
50 creatures vanquished.

Notes
Turn   | Place    | Note
-------+----------+-------------------------------------------
     0 | D:1      | tilp the Octopode Transmuter began the quest for the Orb.
     0 | D:1      | Reached XP level 1. HP: 13/13 MP: 3/3
    95 | D:1      | Reached skill level 1 in Stealth
   136 | D:1      | Reached skill level 2 in Stealth
   142 | D:1      | Reached XP level 2. HP: 11/18 MP: 3/5
   250 | D:1      | Learned a level 2 spell: Wereblood
   432 | D:1      | Reached skill level 3 in Stealth
   936 | D:1      | Reached XP level 3. HP: 23/23 MP: 2/6
   944 | D:1      | Learned a level 3 spell: Spider Form
  1026 | D:1      | Reached skill level 4 in Stealth
  2105 | D:2      | Found a sacrificial altar of Ru.
  2268 | D:2      | Found a stormy altar of Qazlal.
  2274 | D:2      | Reached XP level 4. HP: 29/29 MP: 7/7
  2580 | D:3      | Slain by a giant cockroach

Illustrated notes

Levels and vault maps discovered:
D:1:      giann_wishing_wells, layout_loops_ring, minmay_3d_cube
D:2:      layout_loops_ring, lemuel_round_altar, nicolae_ru_path_of_blood
D:3:      layout_basic, nicolae_overflow_crystal_walls, marbit_many_paths,
          grunt_decor_mini_mirrors, minmay_vboxes

Skill      XL: |  1  2  3  4 |
---------------+-------------+-----
Stealth        | 2 3 4 |  4.0
Fighting       | 2 |  2.0
Dodging        | |  2.0
Unarmed Combat | |  3.5
Spellcasting   | |  2.0
Transmutations | |  2.0

Action                   |  1- 3 |  4- 6 || total
-------------------------+-------+-------++-------
Melee: Unarmed           |    84 |    23 ||   107
       Constrict         |    29 |     5 ||    34
       Kick              |    15 |     5 ||    20
       Tentacles         |    18 |     1 ||    19
       Punch             |     3 |       ||     3
 Cast: Beastly Appendage |    16 |     4 ||    20
       Wereblood         |     2 |       ||     2
  Use: Scroll            |     3 |       ||     3
 Stab: Distracted        |     1 |       ||     1
       Sleeping          |     8 |     2 ||    10
Armor: Skin              |     5 |       ||     5
Dodge: Dodged            |    26 |    18 ||    44

Table legend: (Time is in decaauts)
 A = Elapsed time spent in this place.
 B = Non-inter-level travel time spent in this place.
 C = Inter-level travel time spent in this place.
 D = Time resting spent in this place.
 E = Time spent auto-exploring this place.
 F = Levels seen in this place.
 G = Mean time per level.
                   A        B        C        D        E       F      G
               +--------+--------+--------+--------+--------+-----+--------+
         Total |   2572 |   2487 |     85 |      0 |   2166 |   3 |  857.3 |
       Dungeon |   2572 |   2487 |     85 |      0 |   2166 |   3 |  857.3 |
               +--------+--------+--------+--------+--------+-----+--------+

Top non-repeatable levels by time:
     D:1: 1395 daAuts
     D:2: 954 daAuts
     D:3: 222 daAuts
